 Dungeon Crawl Stone Soup version 0.22.0-5-gf09313c8f9 (webtiles) character file.

8744 MirrMurr the Grappler (level 11, -12/92 HPs)
             Began as a Troll Hunter on Aug 14, 2018.
             Was a High Priest of Qazlal.
             Mangled by a death yak (20 damage)
             ... on level 10 of the Dungeon.
             The game lasted 00:22:33 (9643 turns).

MirrMurr the Grappler (Troll Hunter)                Turns: 9643, Time: 00:22:34

Health: -12/92     AC: 13    Str: 22      XL:     11   Next: 13%
Magic:  14/15      EV: 10    Int: 10      God:    Qazlal [*****.]
Gold:   302        SH:  6    Dex:  9 (10) Spells: 7/10 levels left

rFire    . . .     SeeInvis .     - Unarmed
rCold    . . .     Gourm    +   (no shield)
rNeg     . . .     Faith    .   m - +2 robe
rPois    .         Spirit   .   G - +0 hat
rElec    .         Reflect  .   F - +2 cloak {MR+}
rCorr    .         Harm     .   (gloves unavailable)
MR       +....                  (boots unavailable)
Stlth    +.........             (no amulet)
HPRegen  0.65/turn              (no ring)
MPRegen  0.14/turn              (no ring)

@: protected from physical damage, very slightly contaminated, repel missiles
A: large, unfitting armour, claws 3, fast metabolism 3, gourmand, regeneration
1, shaggy fur 1, tough skin 2
a: Upheaval, Elemental Force, Disaster Area, Renounce Religion


You were on level 10 of the Dungeon.
You worshipped Qazlal.
Qazlal was extremely pleased with you.
You were completely stuffed.

You visited 2 branches of the dungeon, and saw 12 of its levels.
You also visited: Bailey.

You collected 684 gold pieces.
You spent 382 gold pieces at shops.

Inventory:

Hand Weapons
 b - a +1 hunting sling
 q - a cursed -3 blowgun
Missiles
 a - 417 stones
 d - 2 throwing nets {!f}
 f - 9 large rocks
 p - 4 curare-tipped needles
 s - 47 poisoned needles
 y - 8 javelins (quivered)
Armour
 g - a +2 cloak
 m - a +2 robe (worn)
 B - a scarf of resistance
 F - a +2 cloak of magic resistance (worn)
 G - a +0 hat (worn)
 H - a +0 troll leather armour
Wands
 k - a wand of random effects (48)
Scrolls
 i - 5 scrolls of teleportation
 l - 6 scrolls of enchant weapon
 r - 2 scrolls of remove curse
 w - 2 scrolls of magic mapping
 x - 2 scrolls of enchant armour
 E - 2 scrolls of identify
Potions
 e - a potion of agility {unknown}
 h - a potion of haste
 j - 3 potions of flight
 n - 2 potions of resistance
 o - 3 potions of lignification
 t - 7 potions of curing
 u - 2 potions of might
 v - 4 potions of brilliance
 z - 3 potions of heal wounds
 A - a potion of cancellation {unknown}
 C - 2 potions of degeneration {unknown}
 D - 2 potions of mutation
Comestibles
 c - 24 rations
 I - 2 chunks of flesh


   Skills:
 - Level 1.5 Fighting
 + Level 8.9 Throwing
 - Level 1.5 Dodging
 - Level 0.3 Stealth
 * Level 12.1 Unarmed Combat
 + Level 7.6 Invocations


You had 7 spell levels left.
You knew the following spells:

 Your Spells              Type           Power        Failure   Level  Hunger
a - Confusing Touch       Hex            #.....       36%         1    ##.....
b - Poisonous Vapours     Pois/Air       #.....       50%         2    ###....

Your spell library contained the following spells:

 Spells                   Type           Power        Failure   Level  Hunger
 Fireball                 Conj/Fire      #.........   100%        5    ######.
 Conjure Flame            Conj/Fire      #.......     75%         3    ####...
 Confuse                  Hex            #.......     75%         3    ####...
 Throw Flame              Conj/Fire      #.....       50%         2    ###....
 Freezing Cloud           Conj/Ice/Air   #.........   100%        6    #######
 Mephitic Cloud           Conj/Pois/Air  #.......     75%         3    ####...
 Ring of Flames           Chrm/Fire      #.........   100%        7    #######
 Sticky Flame             Conj/Fire      #.......     98%         4    #####..
 Flame Tongue             Conj/Fire      #....        36%         1    ##.....
 Metabolic Englaciation   Hex/Ice        #.........   100%        5    ######.
 Petrify                  Tmut/Erth      #.......     98%         4    #####..
 Inner Flame              Hex/Fire       #.......     75%         3    ####...
 Gell's Gravitas          Tloc           #.........   75%         3    ####...
 Yara's Violent Unravell  Hex/Tmut       #.........   100%        5    ######.


Dungeon Overview and Level Annotations

Branches:
Dungeon (11/15)            Temple (1/1) D:5
   Lair: D:8-11         Orc: D:9-12

Altars:
Dithmenos
Fedhas
Hepliaklqana
Makhleb
Nemelex Xobeh
Okawaru
Qazlal
Sif Muna
Trog
Vehumet
Wu Jian
Xom
Zin
The Shining One

Shops:
D:5 !   D:7 %   D:10 [   D:11 [


Innate Abilities, Weirdness & Mutations

You are too large for most types of armour.
You have claws for hands.
Your metabolism is lightning-fast.
You like to eat raw meat.
Your natural rate of healing is unusually fast.
You are covered in fur. (AC +1)
You have very tough skin. (AC +2)


Message History

You scratch the death yak but do no damage.
The death yak barely misses you.
You scratch the death yak but do no damage.
You block the death yak's attack.
You scratch the death yak but do no damage.
You block the death yak's attack.
The death yak gores you but does no damage.
You scratch the death yak but do no damage.
The death yak appears confused.
The death yak barely misses you.
You claw the death yak!
The death yak is lightly wounded.
The death yak misses you.
You claw the death yak!
The death yak is moderately wounded.
The death yak gores you!
* * * LOW HITPOINT WARNING * * *
You barely miss the death yak. You claw the death yak.
The death yak is moderately wounded.
The death yak seems less confused.
The death yak gores you!!
You die...

#.# ##.###.##
#.# #.# ##.#.##
#.# #.#
##.###########..
#.#
#.##...........
#.#
#.#.#.#########
#.# #..###...#
#.# ###.#.##รท#
#.#######
##.###.######
#....Y@.# #.#
#.......
#######Y# #.#
######## #.# #.#
#.# #.####
###.####....#
#.....#####.#
####.....#####.#
#............#.#
#.##.....###.#.#


You could see 2 death yaks.

Vanquished Creatures
  A death yak (D:10)
  A manticore (D:11)
  2 trolls (D:10)
  Prince Ribbit (D:5)
  A spriggan (D:7)
  A wraith (D:10)
  14 yaks
  2 humans (D:9)
  Menkaure (D:5)
  Duvessa (D:7)
  A water moccasin (D:11)
  A porcupine (D:11)
  2 orc warriors
  A black bear (D:11)
  5 ice beasts
  3 ogres
  5 centaurs
  A phantom (D:10)
  A big kobold (D:10)
  5 bullfrogs
  Dowan (D:7)
  2 scorpions
  3 killer bees (D:7)
  3 wights (D:9)
  8 howler monkeys
  3 crimson imps
  A bullfrog zombie (D:7)
  2 centaur zombies
  7 hounds
  2 quasits (D:10)
  An orc priest (D:7)
  5 orc wizards
  An iguana (D:10)
  A hell rat (D:10)
  9 worker ants
  A hound skeleton (D:7)
  2 worker ant zombies
  12 adders
  4 gnolls (D:6)
  A shadow imp (D:5)
  An ooze (D:6)
  An adder skeleton (D:5)
  An adder zombie (D:9)
  3 worms
  2 dart slugs
  4 leopard geckos
  22 orcs
  2 giant cockroaches
  14 goblins
  10 hobgoblins
  17 jackals
  15 kobolds
  3 quokkas
  2 ball pythons
  7 bats
  A giant cockroach zombie (D:5)
  A quokka skeleton (D:7)
  8 rats
233 creatures vanquished.

Notes
Turn   | Place    | Note
-------+----------+-------------------------------------------
     0 | D:1      | MirrMurr the Troll Hunter began the quest for the Orb.
     0 | D:1      | Reached XP level 1. HP: 19/19 MP: 0/0
   108 | D:1      | Reached skill level 1 in Unarmed Combat
   143 | D:1      | Reached XP level 2. HP: 27/27 MP: 1/1
   200 | D:1      | Reached skill level 2 in Unarmed Combat
   510 | D:1      | Reached XP level 3. HP: 33/33 MP: 2/2
   967 | D:2      | Found a stormy altar of Qazlal.
   975 | D:2      | Became a worshipper of Qazlal Stormbringer
  1256 | D:2      | Reached XP level 4. HP: 33/41 MP: 3/3
  1258 | D:2      | Reached skill level 3 in Unarmed Combat
  1703 | D:3      | Reached * piety under Qazlal
  2047 | D:3      | Found a faded altar of an unknown god.
  2119 | D:3      | Reached XP level 5. HP: 48/48 MP: 4/4
  2339 | D:4      | Reached skill level 4 in Unarmed Combat
  2396 | D:4      | Reached skill level 1 in Invocations
  2403 | D:4      | Found a shadowy altar of Dithmenos.
  2431 | D:4      | Noticed an ogre
  2439 | D:4      | Killed an ogre
  2439 | D:4      | Reached XP level 6. HP: 42/55 MP: 4/6
  2606 | D:4      | Reached ** piety under Qazlal
  2618 | D:4      | Reached skill level 5 in Unarmed Combat
  2985 | D:5      | Entered Level 5 of the Dungeon
  2987 | D:5      | Reached skill level 5 in Throwing
  3003 | D:5      | Found Wunlouge's Distillery.
  3006 | D:5      | Bought a potion of curing for 33 gold pieces
  3006 | D:5      | Bought a potion of haste for 110 gold pieces
  3006 | D:5      | Bought a potion of might for 44 gold pieces
  3049 | D:5      | Noticed Prince Ribbit
  3066 | D:5      | Reached XP level 7. HP: 9/62 MP: 2/7
  3068 | D:5      | Killed Prince Ribbit
  3068 | D:5      | Reached skill level 6 in Unarmed Combat
  3137 | D:5      | Found a staircase to the Ecumenical Temple.
  3146 | Temple   | Entered the Ecumenical Temple
  3177 | D:5      | Noticed Menkaure
  3213 | D:5      | Killed Menkaure
  3213 | D:5      | Reached XP level 8. HP: 17/70 MP: 9/9
  3418 | D:5      | Reached skill level 7 in Unarmed Combat
  3557 | D:5      | Found a blossoming altar of Fedhas.
  3943 | D:6      | Found a radiant altar of Vehumet.
  4244 | D:6      | Found a bloodstained altar of Trog.
  4566 | D:6      | Found a sparkling altar of Nemelex Xobeh.
  4569 | D:6      | Found an ornate altar of the Wu Jian Council.
  4572 | D:6      | Found a glowing golden altar of the Shining One.
  4731 | D:6      | Reached skill level 8 in Unarmed Combat
  4765 | D:6      | Found a burning altar of Makhleb.
  5065 | D:7      | Found Kowoe's Food Emporium.
  5213 | D:7      | Noticed Duvessa
  5214 | D:7      | Noticed Dowan
  5220 | D:7      | Killed Duvessa
  5220 | D:7      | Reached XP level 9. HP: 63/76 MP: 11/11
  5227 | D:7      | Killed Dowan
  5304 | D:7      | Reached skill level 5 in Invocations
  5318 | D:7      | Reached skill level 9 in Unarmed Combat
  5329 | D:7      | Reached *** piety under Qazlal
  5339 | D:7      | Found a deep blue altar of Sif Muna.
  5349 | D:7      | Learned a level 1 spell: Confusing Touch
  5898 | D:8      | Found a glowing silver altar of Zin.
  5898 | D:8      | Noticed an angel
  5899 | D:8      | Found a shimmering altar of Xom.
  6462 | D:8      | Found a hazy altar of Hepliaklqana.
  6967 | D:9      | Found an iron altar of Okawaru.
  6972 | D:9      | Reached skill level 10 in Unarmed Combat
  7128 | D:9      | Reached XP level 10. HP: 27/85 MP: 13/13
  7135 | D:9      | HP: 2/85 [yak (5)]
  7763 | D:10     | Entered Level 10 of the Dungeon
  7763 | D:10     | Found Koviecum's Antique Armour Shop.
  7817 | D:9      | Reached **** piety under Qazlal
  7991 | D:10     | Bought a glowing cloak for 195 gold pieces
  8048 | D:10     | Reached skill level 11 in Unarmed Combat
  8254 | D:10     | Found a flagged portal.
  8260 | Bailey   | Entered a bailey
  8260 | Bailey   | Noticed an orc knight
  8428 | D:10     | Learned a level 2 spell: Poisonous Vapours
  8982 | D:11     | Noticed a manticore
  8988 | D:11     | Killed a manticore
  9038 | D:11     | Reached XP level 11. HP: 61/92 MP: 15/15
  9039 | D:11     | Noticed a death yak
  9313 | D:11     | Reached skill level 12 in Unarmed Combat
  9336 | D:11     | Found Wost's Antique Armour Boutique.
  9421 | D:11     | Reached ***** piety under Qazlal
  9452 | D:11     | Noticed a death yak
  9469 | D:11     | Noticed a death yak
  9507 | D:10     | Killed a death yak
  9643 | D:10     | Mangled by a death yak

Skill      XL: |  1  2  3  4  5  6  7  8  9 10 11 |
---------------+----------------------------------+-----
Unarmed Combat | 1 2 3 4 5 6 8 10 11 12 | 12.1
Throwing       | 4 5 6 7 8 |  8.9
Invocations    | 1 2 3 4 6 7 |  7.6
Fighting       | |  1.5
Dodging        | |  1.5
Stealth        | |  0.3

Action                   |  1- 3 |  4- 6 |  7- 9 | 10-12 || total
-------------------------+-------+-------+-------+-------++-------
Melee: Unarmed           |   118 |   147 |   276 |   276 ||   817
       Punch             |     1 |     2 |     3 |    18 ||    24
 Fire: Hunting sling     |       |    23 |       |       ||    23
Throw: Stone             |     1 |       |       |       ||     1
 Cast: Confusing Touch   |       |       |       |     5 ||     5
Invok: Upheaval          |       |     1 |       |       ||     1
  Use: Scroll            |     4 |    11 |     3 |     3 ||    21
       Potion            |       |       |     1 |     1 ||     2
 Stab: Confused          |       |       |       |     2 ||     2
  Eat: Chunk             |    15 |    17 |    35 |    27 ||    94
Armor: Robe              |    54 |    67 |    69 |    81 ||   271
Dodge: Dodged            |    91 |    83 |   105 |   109 ||   388
       Deflected         |       |       |       |     3 ||     3
Block: Other             |       |     6 |    20 |    47 ||    73
